[Event "Early Titled Tuesday Blitz | February 8 2022"]
[White "Khripachenko, Alexander"]
[Black "Vakhlamov, Igor L."]
[WhiteFideId "54184975"]
[BlackFideId "24126748"]
[WhiteElo "2177"]
[BlackElo "2401"]
[Result "0-1"]
[Round "06"]
[TimeControl "180+1"]
[Date "2022.02.08"]
[WhiteClock "0:00:11"]
[BlackClock "0:00:22"]

1. d4 d5 2. c4 c6 3. Nf3 Nf6 4. Nc3 dxc4 5. a4 a5 6. e4 Bg4 7. Be3 Nbd7 8. Bxc4 e6 9. h3 Bh5 10. O-O Be7 11. Be2 O-O 12. Rc1 Re8 13. Qb3 Qb8 14. Rfd1 Bb4 15. Qc2 h6 16. e5 Bg6 17. Bd3 Bxd3 18. Qxd3 Nd5 19. Bd2 N7b6 20. b3 Nxc3 21. Bxc3 Nd5 22. Bxb4 Nxb4 23. Qc4 Rd8 24. Nd2 Rd5 25. Ne4 Qa7 26. Nc3 Rd7 27. Ne4 Rad8 28. Nd6 Nd5 29. g3 Ne7 30. g4 Nc8 31. Nxc8 Rxc8 32. Qc5 Qa6 33. Rd2 Rcd8 34. Kg2 Rd5 35. Qc4 Qxc4 36. Rxc4 c5 37. f4 Rxd4 38. Rcxd4 Rxd4 39. Rxd4 cxd4 40. Kf3 f5 41. gxf5 exf5 42. h4 Kf7 43. Ke2 Ke6 44. h5 g6 45. hxg6 h5 46. Kf2 h4 47. Kf3 h3 0-1


[Site "https://www.chess.com"]

[Event "Early Titled Tuesday Blitz | February 8 2022"]
[White "Komiagina, Maria"]
[Black "Alghamdi, Ahmed M"]
[WhiteFideId "4153987"]
[BlackFideId "21500150"]
[WhiteElo "1945"]
[BlackElo "2110"]
[Result "1-0"]
[Round "06"]
[TimeControl "180+1"]
[Date "2022.02.08"]
[WhiteClock "0:00:22"]
[BlackClock "0:00:01"]

1. e4 e5 2. Nf3 Nc6 3. Bb5 g6 4. Nc3 Bg7 5. d3 Nge7 6. h4 h6 7. Be3 d6 8. Qd2 a6 9. Ba4 Be6 10. d4 exd4 11. Nxd4 Bd7 12. Nxc6 bxc6 13. h5 g5 14. Bd4 O-O 15. Bxg7 Kxg7 16. f4 f6 17. O-O-O Rb8 18. e5 Nf5 19. exd6 Nxd6 20. fxg5 fxg5 21. Rhf1 Qe7 22. Qd4+ Kh7 23. Bb3 Rxf1 24. Rxf1 Rf8 25. Qd3+ Bf5 26. Qxa6 Qe3+ 27. Kb1 Qb6 28. Qe2 Qd4 29. Rd1 Qg7 30. g4 Bd7 31. Qd3+ Kh8 32. Qg3 Qf6 33. a3 Qf4 34. Qd3 Qxg4 35. Re1 Qf5 36. Qd4+ Qf6 37. Qc5 g4 38. Ne4 1-0


[Site "https://www.chess.com"]

[Event "Early Titled Tuesday Blitz | February 8 2022"]
[White "Kornyukov, Alexey"]
[Black "Samarth, J Rao"]
[WhiteFideId "4150457"]
[BlackFideId "46652370"]
[WhiteElo "2303"]
[BlackElo "1514"]
[Result "0-1"]
[Round "06"]
[TimeControl "180+1"]
[Date "2022.02.08"]
[WhiteClock "0:01:18"]
[BlackClock "0:01:20"]

1. e4 c6 2. d4 d5 3. f3 dxe4 4. fxe4 e5 5. Nf3 Bg4 6. Be2 Bxf3 7. Bxf3 Qxd4 8. Qxd4 exd4 9. O-O Bc5 10. Kh1 Nd7 11. Bg4 Ne5 12. Be2 f6 13. Bf4 Ne7 14. Bxe5 fxe5 15. Nd2 Ng6 16. Bh5 Bd6 17. Nc4 Bc7 18. Bxg6+ hxg6 19. Rf3 Ke7 20. Raf1 Raf8 21. Rxf8 Rxf8 22. Rxf8 Kxf8 23. Kg1 b5 24. Nd2 Ke7 25. Kf2 a5 26. Kg3 Ke6 27. Kg4 Bd8 28. Nf3 c5 29. a3 c4 30. Ne1 Be7 31. Kf3 Bg5 32. Ke2 Bc1 33. b3 Bxa3 34. bxc4 bxc4 35. Kd1 Bb2 36. c3 Bxc3 37. Nf3 Kf6 38. Kc2 a4 39. Kb1 d3 40. Kc1 a3 41. Kb1 d2 42. Kc2 a2 43. Kxc3 d1=N+ 44. Kxc4 a1=Q 45. Kd5 Qa5+ 46. Kc6 Nc3 47. Kd6 Nxe4+ 48. Kc6 Qc3+ 49. Kd5 Qd3+ 50. Kc6 Qxf3 51. gxf3 Nd2 52. Kd5 Nxf3 53. Ke4 Ng5+ 54. Ke3 Kf5 55. h4 Ne6 0-1


[Site "https://www.chess.com"]

[Event "Early Titled Tuesday Blitz | February 8 2022"]
[White "Kosakowski, Jakub"]
[Black "Shimanov, Aleksandr"]
[WhiteFideId "1185080"]
[BlackFideId "4198603"]
[WhiteElo "2476"]
[BlackElo "2636"]
[Result "1/2-1/2"]
[Round "06"]
[TimeControl "180+1"]
[Date "2022.02.08"]
[WhiteClock "0:00:05"]
[BlackClock "0:00:04"]

1. d4 d5 2. c4 c6 3. Nf3 Nf6 4. g3 Bf5 5. Bg2 e6 6. Qb3 Qb6 7. Nc3 Nbd7 8. c5 Qxb3 9. axb3 a6 10. Nh4 Rc8 11. Nxf5 exf5 12. b4 Be7 13. O-O O-O 14. f3 Rfe8 15. Kf2 Nf8 16. Na4 Bd8 17. Bh3 g6 18. b3 Ne6 19. e3 h5 20. Nb2 Bc7 21. Nd3 Nd7 22. Bd2 Re7 23. Rfe1 Rce8 24. Bg2 Kg7 25. Bc3 Nf6 26. Re2 h4 27. Rg1 hxg3+ 28. hxg3 Rh8 29. Ne5 Nh5 30. Bf1 f6 31. Nd3 Kf7 32. Re1 Ng5 33. Nf4 Ng7 34. Kg2 Ree8 35. Bd3 Rh6 36. Bd2 Reh8 37. Kf2 Rh2+ 38. Rg2 Rxg2+ 39. Kxg2 Rh2+ 40. Kxh2 Nxf3+ 41. Kg2 Nxd2 42. Rh1 g5 43. Ne2 Kg8 44. Rd1 Ne4 45. Bxe4 fxe4 46. g4 Kf7 47. Ng3 Kg6 48. Rf1 Bxg3 49. Kxg3 f5 50. gxf5+ Nxf5+ 51. Kf2 g4 52. Rh1 Nh6 53. Kg3 Kg5 54. Rxh6 Kxh6 55. Kxg4 Kg6 56. Kf4 Kf6 57. Kg4 Kg6 58. Kf4 Kf6 59. Kg4 Kg6 1/2-1/2


[Site "https://www.chess.com"]

[Event "Early Titled Tuesday Blitz | February 8 2022"]
[White "Kosteniuk, Alexandra"]
[Black "Jakubowski, Krzysztof"]
[WhiteFideId "4128125"]
[BlackFideId "1112848"]
[WhiteElo "2469"]
[BlackElo "2365"]
[Result "1-0"]
[Round "06"]
[TimeControl "180+1"]
[Date "2022.02.08"]
[WhiteClock "0:00:42"]
[BlackClock "0:00:03"]

1. e4 c5 2. c3 Nf6 3. e5 Nd5 4. Nf3 Nc6 5. d4 cxd4 6. cxd4 e6 7. Bc4 d6 8. O-O Nb6 9. Bb5 Bd7 10. Qe2 a6 11. Bd3 Nb4 12. Nc3 Nxd3 13. Qxd3 d5 14. Bg5 Be7 15. h4 h6 16. Bxe7 Qxe7 17. Rac1 Rc8 18. Nd2 Qxh4 19. g3 Qe7 20. Kg2 Qb4 21. b3 Rc6 22. Rc2 O-O 23. Rfc1 Rfc8 24. g4 R8c7 25. Ndb1 Nc8 26. Rh1 Ne7 27. Kg3 Be8 28. f4 f5 29. exf6 Bg6 30. fxe7 Bxd3 31. e8=Q+ Qf8 32. Qxf8+ Kxf8 33. Rf2 Bh7 34. f5 1-0


[Site "https://www.chess.com"]

[Event "Early Titled Tuesday Blitz | February 8 2022"]
[White "Kostiukov, Alexandr"]
[Black "Dzhaparov, Medet"]
[WhiteFideId "14108100"]
[BlackFideId "13803689"]
[WhiteElo "2202"]
[BlackElo "1702"]
[Result "1/2-1/2"]
[Round "06"]
[TimeControl "180+1"]
[Date "2022.02.08"]
[WhiteClock "0:01:06"]
[BlackClock "0:01:29"]

1. g3 Nf6 2. Bg2 d5 3. d3 e6 4. e4 dxe4 5. dxe4 Qxd1+ 6. Kxd1 Bc5 7. f3 Nc6 8. Nd2 Bd7 9. c3 b5 10. Nb3 Bb6 11. Ke2 h6 12. Be3 Bxe3 13. Kxe3 Ke7 14. Nh3 a5 15. Nf2 Na7 16. Nxa5 c5 17. Nb3 c4 18. Nd4 e5 19. Nc2 Nc8 20. Bh3 Bxh3 21. Nxh3 Nb6 22. Nb4 Na4 23. Rab1 Kd6 24. Rhd1+ Kc7 25. Nd5+ Nxd5+ 26. Rxd5 f6 27. f4 exf4+ 28. gxf4 Rhd8 29. Rxd8 Rxd8 30. Nf2 Kc6 31. h4 h5 32. Rg1 Rd7 33. Nd1 Nc5 34. Nf2 Na4 35. Nd1 Nc5 36. Nf2 Na4 1/2-1/2


[Site "https://www.chess.com"]

[Event "Early Titled Tuesday Blitz | February 8 2022"]
[White "Kovanova, Baira"]
[Black "Warchol, Kamil"]
[WhiteFideId "4164083"]
[BlackFideId "21858241"]
[WhiteElo "2190"]
[BlackElo "1905"]
[Result "1-0"]
[Round "06"]
[TimeControl "180+1"]
[Date "2022.02.08"]
[WhiteClock "0:00:49"]
[BlackClock "0:00:04"]

1. e4 c5 2. Nf3 e6 3. d3 Nc6 4. g3 g6 5. Bg2 Bg7 6. O-O Nge7 7. h4 d6 8. h5 O-O 9. c3 d5 10. Qe2 b6 11. e5 Ba6 12. Re1 d4 13. c4 b5 14. b3 Rc8 15. Bf4 Nf5 16. Nbd2 h6 17. Ne4 g5 18. Nfxg5 hxg5 19. Bxg5 Qc7 20. Nf6+ Kh8 21. h6 Bxf6 22. Bxf6+ Kh7 23. g4 Nfe7 24. f4 Bb7 25. Be4+ Ng6 26. Bg7 Rfe8 27. Qf3 Ba8 28. cxb5 Ne7 29. f5 Bxe4 30. Qxe4 exf5 31. gxf5 Nxf5 32. Qxf5 Re6 33. Re2 Rce8 34. Rf1 R6e7 35. Rg2 Qb7 36. e6 Rxe6 37. Qxf7 Qd5 38. Bf6+ Kxh6 39. Qxg6# 1-0


[Site "https://www.chess.com"]

[Event "Early Titled Tuesday Blitz | February 8 2022"]
[White "Kujawski, Adam"]
[Black "Haukenfrers, Dale"]
[WhiteFideId "1100920"]
[BlackFideId "2603780"]
[WhiteElo "2053"]
[BlackElo "1992"]
[Result "1-0"]
[Round "06"]
[TimeControl "180+1"]
[Date "2022.02.08"]
[WhiteClock "0:00:41"]
[BlackClock "0:00:22"]

1. e4 c6 2. d4 d5 3. Nc3 dxe4 4. Nxe4 Nf6 5. Nxf6+ exf6 6. c3 Bf5 7. Bd3 Bxd3 8. Qxd3 c5 9. Ne2 Nc6 10. Be3 h5 11. O-O-O cxd4 12. Nxd4 Nxd4 13. Bxd4 Qc7 14. Qb5+ Qc6 15. Rhe1+ Be7 16. Qxc6+ bxc6 17. Bc5 O-O 18. Rxe7 a5 19. a4 Kh7 20. Rdd7 Kg6 21. Re3 f5 22. Bxf8 Rxf8 23. Rd6+ f6 24. Rg3+ Kh6 25. Rxc6 f4 26. Rf3 Rd8 27. Rxf4 Kg5 28. g3 h4 29. Rxh4 Rd5 30. Rd4 Rf5 31. f4+ Kh5 32. h3 Kh6 33. g4 Rxf4 34. Rxf4 g6 35. Rfxf6 Kg5 36. Rxg6+ Kf4 37. Rgf6+ Ke5 38. g5 Ke4 39. g6 Kd5 40. g7 Ke4 41. g8=Q Kd3 42. Qd5+ Ke2 43. Rce6# 1-0


[Site "https://www.chess.com"]

[Event "Early Titled Tuesday Blitz | February 8 2022"]
[White "Kukula, Pawel"]
[Black "Jaivardhan Raj"]
[WhiteFideId "1115081"]
[BlackFideId "25744437"]
[WhiteElo "2203"]
[BlackElo "1375"]
[Result "0-1"]
[Round "06"]
[TimeControl "180+1"]
[Date "2022.02.08"]
[WhiteClock "0:00:10"]
[BlackClock "0:00:21"]

1. Nc3 d5 2. e4 d4 3. Nce2 e5 4. Nf3 Bd6 5. Ng3 c5 6. Bc4 Nc6 7. O-O h6 8. a3 a6 9. d3 Nf6 10. Nh4 Ne7 11. f4 exf4 12. Bxf4 Bxf4 13. Rxf4 Nc6 14. Nhf5 O-O 15. Nh5 Nxh5 16. Qxh5 Bxf5 17. Rxf5 Qe7 18. Raf1 Nd8 19. Rxc5 b5 20. Bb3 Kh8 21. Qe5 Ne6 22. Bxe6 fxe6 23. Rxf8+ Rxf8 24. Qxd4 Qf7 25. Kh1 Qf1+ 26. Qg1 Qe2 27. Rf5 exf5 28. e5 Qxe5 29. h3 Re8 30. Qb6 Qg3 0-1


[Site "https://www.chess.com"]

[Event "Early Titled Tuesday Blitz | February 8 2022"]
[White "Kuzmin, Roman"]
[Black "Yuan, Qingyu"]
[WhiteFideId "44134932"]
[BlackFideId "8609772"]
[WhiteElo "1978"]
[BlackElo "2359"]
[Result "0-1"]
[Round "06"]
[TimeControl "180+1"]
[Date "2022.02.08"]
[WhiteClock "0:00:15"]
[BlackClock "0:01:02"]

1. e4 c6 2. d4 d5 3. Nc3 dxe4 4. Nxe4 Nf6 5. Nxf6+ exf6 6. c3 Bd6 7. Bd3 O-O 8. Ne2 Re8 9. Qc2 h5 10. O-O h4 11. Bf4 Na6 12. Bxd6 Qxd6 13. h3 Nc7 14. c4 Bd7 15. Rad1 Rad8 16. Nc3 Ne6 17. d5 Nf4 18. Bh7+ Kh8 19. Bf5 Qe5 20. Bxd7 Rxd7 21. dxc6 Qg5 22. f3 Re2 23. Qxe2 Nxe2+ 24. Nxe2 Qe3+ 25. Kh1 Rxd1 26. Rxd1 bxc6 27. Nc3 Qf2 28. Rd8+ Kh7 29. Rb8 Qf1+ 30. Kh2 Qxc4 31. a3 Qf4+ 32. Kh1 Qxb8 0-1


[Site "https://www.chess.com"]

[Event "Early Titled Tuesday Blitz | February 8 2022"]
[White "Lagunov, Evgenij"]
[Black "Dovbnia, Nikita"]
[WhiteFideId "4125363"]
[BlackFideId "54104599"]
[WhiteElo "2200"]
[BlackElo "2111"]
[Result "1-0"]
[Round "06"]
[TimeControl "180+1"]
[Date "2022.02.08"]
[WhiteClock "0:00:10"]
[BlackClock "0:00:16"]

1. e4 c5 2. Nf3 Nc6 3. d4 cxd4 4. Nxd4 e5 5. Nb5 d6 6. c4 Be7 7. N1c3 a6 8. Na3 f5 9. Bd3 f4 10. Bd2 Nf6 11. Nc2 Be6 12. Qe2 Qd7 13. O-O-O O-O 14. Kb1 Na7 15. g3 fxg3 16. hxg3 b5 17. f3 Rfc8 18. Nd5 bxc4 19. Bxc4 Bxd5 20. exd5 Nb5 21. g4 Qc7 22. Bd3 Rab8 23. Ka1 Qb7 24. Rb1 Qxd5 25. g5 Nd7 26. Bxh7+ Kf8 27. Bg6 Qg8 28. Qe4 Rxc2 29. Qxc2 Nd4 30. Qd3 Nc5 31. Qc3 Ncb3+ 32. axb3 Nxb3+ 33. Qxb3 Rxb3 34. Rbc1 Rxf3 35. Rc8+ Bd8 36. Rxd8+ Ke7 37. Rxg8 Rd3 38. Bxd3 Kf7 39. Rhh8 Ke6 40. Bg6 Kd5 41. Bf7+ Kd4 42. Rxg7 d5 43. Bc1 e4 44. Kb1 e3 45. Bxe3+ Kd3 46. g6 d4 47. Rgg8 dxe3 48. Rd8+ Ke2 49. Rhe8 Kf1 50. Rxe3 Kf2 51. Re6 Kg3 52. Rxa6 Kg2 53. g7 Kg1 54. g8=Q+ 1-0


[Site "https://www.chess.com"]

[Event "Early Titled Tuesday Blitz | February 8 2022"]
[White "Lashkin, Jegor"]
[Black "Abdusattorov, Nodirbek"]
[WhiteFideId "13907808"]
[BlackFideId "14204118"]
[WhiteElo "2344"]
[BlackElo "2663"]
[Result "1-0"]
[Round "06"]
[TimeControl "180+1"]
[Date "2022.02.08"]
[WhiteClock "0:00:56"]
[BlackClock "0:00:02"]

1. d4 Nf6 2. c4 e6 3. Nf3 c5 4. d5 exd5 5. cxd5 d6 6. Nc3 g6 7. h3 Bg7 8. e4 O-O 9. Bd3 b5 10. Nxb5 Nxe4 11. Bxe4 Re8 12. Ng5 f5 13. O-O fxe4 14. Re1 a6 15. Nc3 Ra7 16. Ngxe4 Rf7 17. Bg5 Qd7 18. Qd2 Ref8 19. Bh6 Qd8 20. Bxg7 Kxg7 21. Re2 h6 22. Rae1 Kh7 23. Qe3 Bf5 24. Qg3 Rd7 25. Nd2 h5 26. Nf3 Qf6 27. Ng5+ Kg8 28. Ne6 Re8 29. Nxc5 Rxe2 30. Rxe2 Rf7 31. Re8+ Rf8 32. Rxf8+ Qxf8 33. N5e4 Nd7 34. Qxd6 Qxd6 35. Nxd6 Bd3 36. Nde4 Kf8 37. f3 Ne5 38. b3 Bc2 39. Kf2 Bd3 40. Ke3 Bf1 41. Kf2 Bd3 42. g4 hxg4 43. hxg4 a5 44. Ke3 Bf1 45. g5 Ke7 46. f4 Nf7 47. Kd4 Bg2 48. a3 1-0


[Site "https://www.chess.com"]

[Event "Early Titled Tuesday Blitz | February 8 2022"]
[White "Lazavik, Denis"]
[Black "Goryachkina, Aleksandra"]
[WhiteFideId "13515110"]
[BlackFideId "4147103"]
[WhiteElo "3008"]
[BlackElo "2647"]
[Result "1-0"]
[Round "06"]
[TimeControl "180+1"]
[Date "2022.02.08"]
[WhiteClock "0:00:15"]
[BlackClock "0:00:01"]

1. d4 Nf6 2. c4 e6 3. Nf3 d5 4. g3 Bb4+ 5. Bd2 Be7 6. Bg2 O-O 7. O-O Nbd7 8. Qc2 c6 9. Bf4 b6 10. cxd5 cxd5 11. Rc1 Bb7 12. Bc7 Qe8 13. Qb3 Ne4 14. Nc3 Rc8 15. Nb5 a6 16. Na7 Ra8 17. Bxb6 Nxb6 18. Qxb6 Qb8 19. Nc6 Bxc6 20. Rxc6 Qxb6 21. Rxb6 Rfb8 22. Rxb8+ Rxb8 23. Rc1 g5 24. b3 a5 25. Ne5 Ba3 26. Rc2 Nd6 27. Bf3 Kg7 28. e3 Rb7 29. Rc6 Nf5 30. Bh5 Ne7 31. Ra6 f6 32. Nd3 e5 33. dxe5 fxe5 34. Nxe5 1-0


[Site "https://www.chess.com"]

[Event "Early Titled Tuesday Blitz | February 8 2022"]
[White "Liyanage, Ranindu Dilshan"]
[Black "Nilsen, Tobias Lang"]
[WhiteFideId "9915834"]
[BlackFideId "1521624"]
[WhiteElo "1858"]
[BlackElo "2013"]
[Result "0-1"]
[Round "06"]
[TimeControl "180+1"]
[Date "2022.02.08"]
[WhiteClock "0:01:01"]
[BlackClock "0:00:04"]

1. e4 Nf6 2. e5 Nd5 3. d4 d6 4. Nf3 dxe5 5. Nxe5 c6 6. Bd3 g6 7. a3 Bg7 8. O-O O-O 9. Qe2 Nd7 10. c4 Nc7 11. Rd1 Nf6 12. Nc3 Ne6 13. Be3 Qc7 14. Nf3 Rd8 15. g3 Ng4 16. d5 Nxe3 17. Qxe3 cxd5 18. Nxd5 Qc5 19. Qe2 a5 20. b4 Qd6 21. Rac1 axb4 22. axb4 Bd7 23. Be4 Qb8 24. Nxe7+ Kf8 25. Nd5 Ra4 26. Nb6 Be8 27. Nxa4 Bxa4 28. Rxd8+ Qxd8 29. Bxb7 g5 30. Bd5 g4 31. Ne5 Nd4 32. Qe4 Nb3 33. Re1 Nd2 34. Qf5 Qf6 35. Nd7+ Bxd7 36. Re8+ Bxe8 37. Qd3 Nf3+ 38. Kg2 Ne1+ 0-1


[Site "https://www.chess.com"]

[Event "Early Titled Tuesday Blitz | February 8 2022"]
[White "Ljukin, Sergei"]
[Black "Begunov, Konstantin"]
[WhiteFideId "14102200"]
[BlackFideId "4118510"]
[WhiteElo "2312"]
[BlackElo "2262"]
[Result "0-1"]
[Round "06"]
[TimeControl "180+1"]
[Date "2022.02.08"]
[WhiteClock "0:00:01"]
[BlackClock "0:00:47"]

1. e4 c5 2. Nf3 d6 3. d4 cxd4 4. Nxd4 Nf6 5. Nc3 a6 6. Bg5 e6 7. f4 Qb6 8. Qd3 Nc6 9. O-O-O Bd7 10. e5 Nxd4 11. Qxd4 Qxd4 12. Rxd4 dxe5 13. fxe5 Ng8 14. Be2 Bc6 15. Rhd1 Be7 16. Bxe7 Nxe7 17. Bf3 Bxf3 18. gxf3 Nc6 19. Re4 Ke7 20. f4 Rhd8 21. Ree1 Nd4 22. Ne4 Nf3 23. Re2 Rxd1+ 24. Kxd1 Rd8+ 25. Kc1 Rd4 26. c3 Rd5 27. Kc2 b5 28. b4 Nh4 29. Rd2 Ng6 30. Rxd5 exd5 31. Nc5 Nxf4 32. Nxa6 Kd7 33. Kb3 Nd3 34. a4 bxa4+ 35. Kxa4 Nxe5 36. Kb5 f5 37. Kc5 f4 38. Kd4 f3 39. Ke3 g5 40. Nc5+ Kc6 41. Ne6 g4 42. Nd4+ Kb6 0-1


[Site "https://www.chess.com"]

[Event "Early Titled Tuesday Blitz | February 8 2022"]
[White "Loay, Sameer"]
[Black "Dronavalli, Harika"]
[WhiteFideId "8104239"]
[BlackFideId "5015197"]
[WhiteElo "2040"]
[BlackElo "2382"]
[Result "0-1"]
[Round "06"]
[TimeControl "180+1"]
[Date "2022.02.08"]
[WhiteClock "0:00:17"]
[BlackClock "0:01:14"]

1. Nf3 Nf6 2. g3 g6 3. Bg2 Bg7 4. O-O O-O 5. d3 d5 6. c3 Nc6 7. Nbd2 e5 8. e4 h6 9. Re1 Re8 10. exd5 Nxd5 11. Nc4 Nb6 12. Qc2 Bf5 13. Nxb6 Bxd3 14. Qd1 axb6 15. Be3 e4 16. Nd2 f5 17. Qc1 Kh7 18. h4 Qf6 19. Nf1 Rad8 20. a4 Ne5 21. Nh2 Bc4 22. Qc2 Qf7 23. Ra3 Nd3 24. Rea1 Bf8 25. b3 Be6 26. R3a2 Bxb3 27. Qe2 Bxa2 28. Rxa2 Bg7 29. a5 bxa5 30. Rxa5 b6 31. Ra7 Rd7 32. c4 Ne5 33. c5 bxc5 34. h5 gxh5 35. Bh3 Red8 36. Kg2 Ng4 37. Bf4 c4 38. Nf1 c3 39. Ne3 Bd4 40. Nxg4 hxg4 41. Ra6 gxh3+ 42. Kxh3 Bf6 43. g4 Rd3+ 44. Kh2 Qg6 45. Be5 Bxe5+ 0-1


[Site "https://www.chess.com"]

[Event "Early Titled Tuesday Blitz | February 8 2022"]
[White "Lodici, Lorenzo"]
[Black "Triapishko, Alexandr"]
[WhiteFideId "884189"]
[BlackFideId "14122286"]
[WhiteElo "2265"]
[BlackElo "2479"]
[Result "1-0"]
[Round "06"]
[TimeControl "180+1"]
[Date "2022.02.08"]
[WhiteClock "0:00:45"]
[BlackClock "0:00:01"]

1. e4 e5 2. Nf3 Nc6 3. Bc4 Bc5 4. c3 Nf6 5. d3 d6 6. Nbd2 a5 7. a4 O-O 8. Nf1 Be6 9. Bxe6 fxe6 10. Be3 b6 11. Bxc5 bxc5 12. Ne3 Nh5 13. O-O Nf4 14. g3 Nxd3 15. Kg2 Qf6 16. Ng1 Nf4+ 17. gxf4 exf4 18. Nc4 Qg6+ 19. Kh1 Qxe4+ 20. Qf3 Qxf3+ 21. Nxf3 e5 22. Rad1 Rf6 23. Ng5 Rb8 24. Ne4 Rh6 25. f3 Kf8 26. Rfe1 Rd8 27. Nxc5 dxc5 28. Rxd8+ Nxd8 29. Rxe5 Nb7 30. Rf5+ Ke7 31. Rxf4 Re6 32. Re4 Kf6 33. Rxe6+ Kxe6 34. Kg2 Kd5 35. b3 Nd6 36. Nxa5 c4 37. b4 Nc8 38. Nb7 Nb6 39. Nc5 Kc6 40. Kg3 Nd5 41. Ne4 Nb6 42. b5+ Kb7 43. a5 Nd5 44. Kg4 c6 45. b6 Kb8 46. Kf5 1-0


[Site "https://www.chess.com"]

[Event "Early Titled Tuesday Blitz | February 8 2022"]
[White "Lorparizangeneh, Shahin"]
[Black "Brunner, Nicolas"]
[WhiteFideId "12521604"]
[BlackFideId "620246"]
[WhiteElo "2525"]
[BlackElo "2372"]
[Result "1-0"]
[Round "06"]
[TimeControl "180+1"]
[Date "2022.02.08"]
[WhiteClock "0:00:25"]
[BlackClock "0:00:03"]

1. e4 e5 2. Nf3 Nc6 3. Bb5 a6 4. Ba4 Nf6 5. O-O Be7 6. d3 b5 7. Bb3 d6 8. a4 Bd7 9. h3 O-O 10. Nc3 Na5 11. Ba2 b4 12. Nd5 Nxd5 13. Bxd5 c6 14. Ba2 Be6 15. Bxe6 fxe6 16. d4 exd4 17. Nxd4 Qd7 18. Qg4 Rf6 19. f4 c5 20. Ne2 Raf8 21. b3 Rg6 22. Qf3 Bf6 23. Rb1 Nc6 24. f5 Bd4+ 25. Kh1 Ne5 26. Qh5 exf5 27. exf5 Qc6 28. Bg5 Rxf5 29. Rxf5 h6 30. Rbf1 Rxg5 31. Rxg5 hxg5 32. Qxg5 Qe4 33. Ng3 Qxc2 34. Nf5 Nf7 35. Qg6 Be5 36. Ne7+ 1-0


[Site "https://www.chess.com"]

[Event "Early Titled Tuesday Blitz | February 8 2022"]
[White "Loy, Konstantin"]
[Black "Kucuksari, Kaan"]
[WhiteFideId "14122499"]
[BlackFideId "6380166"]
[WhiteElo "2084"]
[BlackElo "2305"]
[Result "0-1"]
[Round "06"]
[TimeControl "180+1"]
[Date "2022.02.08"]
[WhiteClock "0:00:12"]
[BlackClock "0:01:00"]

1. e4 c5 2. Nf3 d6 3. d4 cxd4 4. Qxd4 Nf6 5. e5 Nc6 6. Bb5 dxe5 7. Qxd8+ Kxd8 8. Bxc6 bxc6 9. Nxe5 Ke8 10. O-O Bb7 11. Nc3 g6 12. Na4 e6 13. Nd3 Nd7 14. Be3 Ba6 15. Rfd1 Bg7 16. Ndc5 Nxc5 17. Nxc5 Bc8 18. Bd4 e5 19. Bxe5 Bxe5 20. Re1 f6 21. f4 Ke7 22. fxe5 fxe5 23. Rxe5+ Kd6 24. Rae1 Bf5 25. c3 Rab8 26. b4 a5 27. a3 axb4 28. axb4 Ra8 29. Nb7+ Kc7 30. Re7+ Kb6 31. Nc5 Kb5 32. h3 Ra2 33. R1e2 Rha8 34. Kf2 Kc4 35. Rxh7 Kxc3 36. Rb7 Rxe2+ 37. Kxe2 Kd4 38. g4 Bc2 39. Rd7+ Kc4 40. Rb7 Ra3 41. Kd2 Bb1 42. Ne6 Rxh3 43. Nd8 Be4 44. Ke2 c5 45. Re7 Bd3+ 46. Kd2 cxb4 47. Nc6 Rh2+ 48. Kc1 Kc3 49. Re1 Ra2 0-1


[Site "https://www.chess.com"]

[Event "Early Titled Tuesday Blitz | February 8 2022"]
[White "Lucas, Arthur"]
[Black "Lopez Del Alamo, Antonio"]
[WhiteFideId "26093073"]
[BlackFideId "2227339"]
[WhiteElo "2129"]
[BlackElo "2082"]
[Result "1/2-1/2"]
[Round "06"]
[TimeControl "180+1"]
[Date "2022.02.08"]
[WhiteClock "0:00:12"]
[BlackClock "0:00:51"]

1. e4 c5 2. Nf3 e6 3. d4 cxd4 4. Nxd4 Nf6 5. Nc3 Nc6 6. Nxc6 bxc6 7. e5 Nd5 8. Ne4 Bb7 9. Be2 c5 10. O-O Qc7 11. Nd6+ Bxd6 12. exd6 Qc6 13. f3 c4 14. Qd4 Nb6 15. Qxg7 O-O-O 16. Qd4 h5 17. a4 Rhg8 18. a5 Nd5 19. Qxc4 h4 20. a6 Ba8 21. Qxc6+ Bxc6 22. c4 Nb6 23. b4 f5 24. b5 Ba8 25. Be3 Kb8 26. Bxb6 axb6 27. c5 Rc8 28. cxb6 Rc2 29. Rf2 Bd5 30. Bf1 Rc3 31. Be2 f4 32. h3 Rgc8 33. b7 Rg8 34. b6 e5 35. Ra5 Rc1+ 36. Kh2 Be6 37. Rxe5 Bxh3 38. gxh3 Rcg1 39. Re8+ Rxe8 40. Kxg1 Rg8+ 41. Kf1 Rg1+ 42. Kxg1 1/2-1/2


[Site "https://www.chess.com"]

[Event "Early Titled Tuesday Blitz | February 8 2022"]
[White "Maevsky, Nikolay"]
[Black "Onyshchuk, Volodymyr"]
[WhiteFideId "4198220"]
[BlackFideId "14114038"]
[WhiteElo "2104"]
[BlackElo "2642"]
[Result "1-0"]
[Round "06"]
[TimeControl "180+1"]
[Date "2022.02.08"]
[WhiteClock "0:00:30"]
[BlackClock "0:01:13"]

1. d4 d6 2. Nf3 g6 3. c4 Bg7 4. Nc3 e5 5. dxe5 dxe5 6. Qxd8+ Kxd8 7. Bd2 Nd7 8. O-O-O f6 9. g4 Ne7 10. Bg2 a6 11. h4 h5 12. g5 f5 13. e4 f4 14. Bh3 Ke8 15. Nd5 Nxd5 16. exd5 Nc5 17. Bxc8 Rxc8 18. Bc3 Kf7 19. Nxe5+ Bxe5 20. Bxe5 Rhe8 21. Bxf4 Re4 22. Be3 Rxc4+ 23. Kb1 Ne4 24. Rc1 Rxc1+ 25. Rxc1 Nd6 26. Bf4 Ke7 27. Re1+ Kf7 28. Re6 Nf5 29. Rf6+ Kg7 30. Be5 Re8 31. Bc3 Re7 32. Rxf5+ Kh7 33. Re5 Rf7 34. Re2 1-0


[Site "https://www.chess.com"]

[Event "Early Titled Tuesday Blitz | February 8 2022"]
[White "Maksimenko, Viktor"]
[Black "San, Thit Lwin"]
[WhiteFideId "13710478"]
[BlackFideId "13001272"]
[WhiteElo "2269"]
[BlackElo "2232"]
[Result "1-0"]
[Round "06"]
[TimeControl "180+1"]
[Date "2022.02.08"]
[WhiteClock "0:00:30"]
[BlackClock "0:00:06"]

1. e4 Nf6 2. Nc3 d5 3. e5 Nfd7 4. f4 e6 5. Nf3 c5 6. d4 Nc6 7. Ne2 Qb6 8. c3 cxd4 9. cxd4 f6 10. g3 fxe5 11. fxe5 Bb4+ 12. Bd2 O-O 13. Bg2 Bxd2+ 14. Qxd2 h6 15. Rc1 a5 16. Nf4 Ne7 17. O-O a4 18. a3 Nf5 19. Kh1 g5 20. Ne2 Rf7 21. g4 Ne7 22. Nxg5 hxg5 23. Qxg5+ Rg7 24. Qh4 Ng6 25. Qh6 Ndf8 26. Ng3 Qd8 27. Nh5 Qe7 28. Nf6+ Kf7 29. Nxd5+ Ke8 30. Nxe7 Rxe7 31. Be4 Rh7 32. Bxg6+ 1-0


[Site "https://www.chess.com"]

[Event "Early Titled Tuesday Blitz | February 8 2022"]
[White "Manelyuk, Daniil"]
[Black "Hamley, Ryan"]
[WhiteFideId "44173920"]
[BlackFideId "30959497"]
[WhiteElo "2222"]
[BlackElo "2480"]
[Result "1/2-1/2"]
[Round "06"]
[TimeControl "180+1"]
[Date "2022.02.08"]
[WhiteClock "0:00:22"]
[BlackClock "0:00:21"]

1. e4 c6 2. d4 d5 3. Nc3 dxe4 4. Nxe4 Nf6 5. Nxf6+ exf6 6. c3 Bd6 7. Bd3 O-O 8. Qc2 Re8+ 9. Ne2 h5 10. O-O Nd7 11. Be3 Nf8 12. Rae1 Be6 13. Nf4 Bxf4 14. Bxf4 b5 15. b3 a5 16. Be2 g6 17. Bf3 Qd7 18. Bh6 a4 19. Rd1 Bf5 20. Qd2 axb3 21. axb3 Ne6 22. d5 cxd5 23. Bxd5 Rad8 24. c4 bxc4 25. bxc4 Nc7 26. Qc3 Nxd5 27. Rxd5 Qc6 28. Rd4 Kh7 29. Be3 Rxd4 30. Bxd4 Re6 31. h3 Re2 32. Bxf6 Rc2 33. Qa1 Rxc4 34. Bh8 f6 35. Bxf6 Qd7 36. Re1 Re4 37. Rd1 Qf7 38. Rd8 g5 39. Bxg5 Re8 40. Rxe8 Qxe8 41. Qf6 Qg6 42. Qe7+ Qg7 43. Qe3 Qd7 44. Kh2 Kg6 45. Bf4 Qe6 46. Qg3+ Kh7 47. Be5 Qg6 48. Qf4 Kg8 49. f3 Be6 50. Bf6 Kh7 51. Bh4 Kg8 52. Qg5 Qxg5 53. Bxg5 Kh7 54. g4 Kg6 55. Bh4 Bd7 56. Kg3 Be6 57. Bd8 Bd7 58. Kh4 hxg4 59. fxg4 Be6 60. Kg3 Bd7 61. h4 Be6 62. h5+ Kh7 63. g5 Bf7 64. Kh4 Be8 65. Kg4 Bf7 66. Be7 Be8 67. Bf6 Bf7 68. Bb2 Be8 69. Kh4 Bf7 70. Kg4 Be8 71. Kf5 Bxh5 72. Kf6 Bg6 73. Bc3 Bb1 74. Bd4 Bc2 75. Be5 Bb1 76. Bd4 Bc2 77. Be5 Bb1 78. Bd4 1/2-1/2


[Site "https://www.chess.com"]